 Dungeon Crawl Stone Soup version 0.29.1-1-gd02db6906a (webtiles) character file.

Game seed: 12611275590349745791

100 MisterFreud the Covert (level 4, -7/41 HPs)
             Began as a Gnoll Delver on Oct 10, 2022.
             Splashed by a jelly's acid (10 damage)
             ... on level 2 of the Dungeon.
             The game lasted 00:02:03 (1573 turns).

MisterFreud the Covert (Gnoll Delver)               Turns: 1573, Time: 00:02:04

Health: -7/41      AC: -4    Str: 11    XL:     4   Next: 74%
Magic:  5/5        EV: 12    Int: 11    God:
Gold:   101        SH:  4    Dex: 14    Spells: 5/5 levels left

rFire   . . .      SeeInvis .   o - +3 dagger
rCold   . . .      Faith    .   n - +0 buckler
rNeg    . . .      Spirit   .   b - +0 leather armour
rPois   .          Reflect  .   (no helmet)
rElec   .          Harm     .   (no cloak)
rCorr   .          Rampage  .   (no gloves)
Will    .....                   (no boots)
Stlth   ++++......              (no amulet)
HPRegen 0.13/turn               (no ring)
MPRegen 0.09/turn               (no ring)

@: corroded
A: fangs 1, strong nose, distributed training
a: no special abilities


You were on level 2 of the Dungeon.
You visited 1 branch of the dungeon, and saw 5 of its levels.

You collected 101 gold pieces.

Inventory:

Hand Weapons
 a - a +0 short sword
 o - a +3 dagger (weapon)
Missiles
 l - 2 poisoned darts (quivered)
Armour
 b - a +0 leather armour (worn)
 n - a +0 buckler (worn)
Wands
 g - a wand of digging (3)
 h - a wand of charming (6)
Scrolls
 c - a scroll of fog
 d - 2 scrolls of magic mapping
 e - a scroll of fear
 i - a scroll of brand weapon {unknown}
 j - a scroll of poison {unknown}
 m - a scroll of blinking {unknown}
Potions
 f - a potion of haste
 k - a potion of heal wounds {unknown}
 p - a potion of might {unknown}
 q - a potion of lignification {unknown}
 r - a potion of curing {unknown}


   Skills:
 + Level 6.6 Fighting
 + Level 4.7 Short Blades
 + Level 1.2 Long Blades
 + Level 1.2 Axes
 + Level 1.2 Maces & Flails
 + Level 1.2 Polearms
 + Level 1.2 Staves
 + Level 1.2 Ranged Weapons
 + Level 1.2 Throwing
 + Level 1.2 Armour
 + Level 4.7 Dodging
 + Level 9.6 Stealth
 + Level 1.2 Shields
 + Level 1.2 Unarmed Combat
 + Level 1.2 Spellcasting
 + Level 1.0 Conjurations
 + Level 1.0 Hexes
 + Level 1.0 Summonings
 + Level 1.0 Necromancy
 + Level 1.0 Translocations
 + Level 1.0 Transmutations
 + Level 1.0 Fire Magic
 + Level 1.0 Ice Magic
 + Level 1.0 Air Magic
 + Level 1.0 Earth Magic
 + Level 1.0 Poison Magic
 + Level 1.4 Invocations
 + Level 1.2 Evocations


You had 5 spell levels left.
You didn't know any spells.
Your spell library was empty.

Dungeon Overview and Level Annotations

Branches:
Dungeon (6/15)
 Temple: D:4-7

Altars:
Elyvilon
Fedhas
Zin

Annotations:
D:2 Robin


Innate Abilities, Weirdness & Mutations

You have very sharp teeth.
Your uncanny sense of smell can sniff out nearby items.
Your experience applies equally to all skills.


Message History

You see here a pink potion.
A jelly is nearby!
A jelly is nearby!
No target in view!
No target in view!
r - a pink potion A jelly is nearby!
The jelly quivers.
You hit the jelly.
Your hands burn!
The jelly is moderately wounded.
The jelly hits you.
You are splashed with acid!
You hit the jelly.
Your hands burn!
The jelly is heavily wounded.
You hit the jelly.
Your hands burn!
The jelly is severely wounded.
The jelly barely misses you.
You hit the jelly.
Your hands burn!
The jelly is almost dead.
The jelly hits you but does no damage.
You hit the jelly but do no damage.
Your hands burn!
The jelly is almost dead.
The jelly barely misses you.
You are too injured to fight recklessly!
You are too injured to fight recklessly!
You are too injured to fight recklessly!
You hit the jelly but do no damage. The acid corrodes you!
Your hands burn!
You bite the jelly, but do no damage.
The jelly is almost dead.
The jelly hits you. The acid corrodes you!
You are splashed with acid!
* * * LOW HITPOINT WARNING * * *
You hit the jelly but do no damage.
Your hands burn!
* * * LOW HITPOINT WARNING * * *
The jelly is almost dead.
You hit the jelly but do no damage.
Your hands burn!
* * * LOW HITPOINT WARNING * * *
The jelly is almost dead.
The jelly hits you.
* * * LOW HITPOINT WARNING * * *
The acid corrodes you!
You are splashed with acid!
You die...

##+##.....#########
#......#..........#
#.................#
#......##...?.....#
#......##.........#
#......##.........#
#......##.......### .
####.).....##)..####....
## #.....)..#...@J......
.. #†.......######......
.# #...>........## .[...
#.............#......
#######.#..†...# ##.
#.....#....P ###...#
..Pl #...# .P. ###.##


You could see a jelly.

Vanquished Creatures
  A hound (D:3)
  3 adders
  3 worms
  2 orcs (D:3)
  4 bats
  8 goblins (D:2)
  5 hobgoblins
  2 kobolds (D:4)
  A quokka (D:2)
  A frilled lizard (D:2)
  2 rats (D:2)
32 creatures vanquished.

Vanquished Creatures (others)
  5 plants (D:2)
5 creatures vanquished.

Grand Total: 37 creatures vanquished

Notes
Turn   | Place    | Note
-------+----------+-------------------------------------------
     0 | D:5      | Reached skill level 9 in Stealth
     0 | D:5      | MisterFreud the Gnoll Delver began the quest for the Orb.
     0 | D:5      | Reached XP level 1. HP: 23/23 MP: 1/1
   180 | D:6      | Reached XP level 2. HP: 25/29 MP: 2/2
   335 | D:4      | Found a glowing silver altar of Zin.
   495 | D:3      | Reached skill level 1 in Invocations
   495 | D:3      | Reached XP level 3. HP: 35/35 MP: 2/4
   598 | D:3      | Found a white marble altar of Elyvilon.
   632 | D:3      | Reached skill level 1 in Long Blades
   632 | D:3      | Reached skill level 1 in Axes
   632 | D:3      | Reached skill level 1 in Maces & Flails
   632 | D:3      | Reached skill level 1 in Polearms
   632 | D:3      | Reached skill level 1 in Staves
   632 | D:3      | Reached skill level 1 in Ranged Weapons
   632 | D:3      | Reached skill level 1 in Throwing
   632 | D:3      | Reached skill level 1 in Armour
   632 | D:3      | Reached skill level 1 in Shields
   632 | D:3      | Reached skill level 1 in Unarmed Combat
   632 | D:3      | Reached skill level 1 in Spellcasting
   632 | D:3      | Reached skill level 1 in Evocations
   783 | D:2      | Reached XP level 4. HP: 31/41 MP: 5/5
   951 | D:2      | Noticed Robin
  1244 | D:3      | Found a blossoming altar of Fedhas.
  1462 | D:2      | Reached skill level 1 in Conjurations
  1462 | D:2      | Reached skill level 1 in Hexes
  1462 | D:2      | Reached skill level 1 in Summonings
  1462 | D:2      | Reached skill level 1 in Necromancy
  1462 | D:2      | Reached skill level 1 in Translocations
  1462 | D:2      | Reached skill level 1 in Transmutations
  1462 | D:2      | Reached skill level 1 in Fire Magic
  1462 | D:2      | Reached skill level 1 in Ice Magic
  1462 | D:2      | Reached skill level 1 in Air Magic
  1462 | D:2      | Reached skill level 1 in Earth Magic
  1462 | D:2      | Reached skill level 1 in Poison Magic
  1573 | D:2      | Splashed by a jelly's acid

Illustrated notes

Levels and vault maps discovered:
D:2:      layout_basic, ebering_ecumenical_altar_abandoned, minmay_lizard_king,
          uniq_robin
D:3:      layout_basic, mainiacjoe_overflow_24_doors, lemuel_round_altar,
          nicolae_ru_sacrificial_ziggurat
D:4:      layout_loops_ring, kennysheep_mini, lemuel_coloured_pillars_altar,
          mainiacjoe_overflow_divided_tiny, kennysheep_small_circle
D:5:      layout_loops_ring, lemuel_round_altar, mainiacjoe_overflow_brackets,
          minmay_temple_entry_stoned_glass, ebering_ghost_sewer_d,
          grunt_ministairs_1
D:6:      cheibrodos_fertilizer, layout_gridville, kennysheep_okawaru_gauntlet,
          minmay_crystal_room, kennysheep_path_1, kennysheep_small_square

Skill      XL: |  1  2  3  4 |
---------------+-------------+-----
Stealth        | |  9.6
Invocations    | 1 |  1.4
Long Blades    | 1 |  1.2
Axes           | 1 |  1.2
Maces & Flails | 1 |  1.2
Polearms       | 1 |  1.2
Staves         | 1 |  1.2
Ranged Weapons | 1 |  1.2
Throwing       | 1 |  1.2
Armour         | 1 |  1.2
Shields        | 1 |  1.2
Unarmed Combat | 1 |  1.2
Spellcasting   | 1 |  1.2
Evocations     | 1 |  1.2
Conjurations   | 1 |  1.0
Hexes          | 1 |  1.0
Summonings     | 1 |  1.0
Necromancy     | 1 |  1.0
Translocations | 1 |  1.0
Transmutations | 1 |  1.0
Fire Magic     | 1 |  1.0
Ice Magic      | 1 |  1.0
Air Magic      | 1 |  1.0
Earth Magic    | 1 |  1.0
Poison Magic   | 1 |  1.0
Fighting       | |  6.6
Short Blades   | |  4.7
Dodging        | |  4.7

Action                   |  1- 3 |  4- 6 || total
-------------------------+-------+-------++-------
Melee: Short sword       |    22 |    60 ||    82
       Bite              |     3 |    16 ||    19
       Dagger            |       |    22 ||    22
       Punch             |       |     2 ||     2
 Stab: Sleeping          |     4 |    11 ||    15
Armor: Leather armour    |     4 |    10 ||    14
Dodge: Dodged            |     5 |    25 ||    30
Block: Buckler           |       |     2 ||     2
